 Dungeon Crawl Stone Soup version 0.23.0 (webtiles) character file.

Game seed: 7751778030771051775

13972 McKennaii the Basher (level 12, -5/75 HPs)
             Began as a Gargoyle Fighter on Feb 8, 2019.
             Was a Follower of Cheibriados.
             Shot with a bolt by a yaktaur captain (28 damage)
             ... on level 11 of the Dungeon.
             The game lasted 00:29:34 (12697 turns).

McKennaii the Basher (Gargoyle Fighter)            Turns: 12697, Time: 00:29:38

Health: -5/75      AC: 29    Str: 27    XL:     12   Next: 11%
Magic:  12/12      EV:  8    Int: 13    God:    Cheibriados [*.....]
Gold:   266        SH: 13    Dex: 12    Spells: 11/11 levels left

rFire    . . .     SeeInvis .   d - +3 flail (drain)
rCold    . . .     Gourm    .   c - +0 shield
rNeg     + + .     Faith    .   s - +0 plate armour
rPois    ∞         Spirit   .   (no helmet)
rElec    +         Reflect  .   F - +0 cloak
rCorr    .         Harm     .   h - +0 pair of gloves
MR       .....                  G - +2 pair of boots {Stlth+}
Stlth    ..........             (no amulet)
HPRegen  0.22/turn              n - ring of positive energy
MPRegen  0.13/turn              H - ring of flight

@: studying Staves, very slow
A: negative energy resistance 1, electricity resistance, unbreathing,
petrification resistance, rot immunity, AC +8
a: Bend Time, Renounce Religion, Evoke Flight


You were on level 11 of the Dungeon.
You worshipped Cheibriados.
Cheibriados was aware of your devotion.
You were not hungry.

You visited 2 branches of the dungeon, and saw 12 of its levels.

You collected 723 gold pieces.
You spent 457 gold pieces at shops.

Inventory:

Hand Weapons
 d - a +3 flail of draining (weapon)
Armour
 c - a +0 shield (worn)
 h - a +0 pair of gloves (worn)
 s - a +0 plate armour (worn)
 F - a +0 cloak (worn)
 G - a +2 pair of boots of stealth (worn)
Jewellery
 n - a ring of positive energy (left hand)
 H - a ring of flight (right hand)
 L - a +3 ring of dexterity
Wands
 a - a wand of scattershot (1)
 e - a wand of disintegration (16)
 J - a wand of polymorph (3)
 K - a wand of iceblast (7)
 O - a wand of digging (4)
Scrolls
 b - a scroll of fog
 i - 4 scrolls of amnesia {unknown}
 j - 3 scrolls of identify
 k - 12 scrolls of remove curse
 m - 6 scrolls of teleportation
 o - a scroll of immolation {unknown}
 p - 3 scrolls of vulnerability {unknown}
 v - 2 scrolls of enchant weapon {unknown}
 x - 2 scrolls of blinking {unknown}
 z - a scroll of magic mapping {unknown}
 B - 2 scrolls of enchant armour {unknown}
 M - a scroll of fear
Potions
 g - a potion of flight
 l - a potion of cancellation {unknown}
 q - 2 potions of mutation
 r - a potion of berserk rage
 t - 3 potions of brilliance
 u - a potion of agility {unknown}
 w - a potion of magic {unknown}
 C - 2 potions of haste {unknown}
 D - 2 potions of ambrosia {unknown}
 E - a potion of invisibility {unknown}
 I - 2 potions of lignification {unknown}
 N - a potion of might
Books
 A - a manual of Staves
Comestibles
 f - 18 rations


   Skills:
 + Level 8.8 Fighting
 + Level 12.1 Maces & Flails
 + Level 9.6 Armour
 + Level 2.4 Dodging
 + Level 1.3 Stealth
 + Level 10.7 Shields
 + Level 0.2 Unarmed Combat
 + Level 1.0 Evocations


You had 11 spell levels left.
You didn't know any spells.
Your spell library contained the following spells:

 Spells                   Type           Power        Failure   Level  Hunger
 Confusing Touch          Hex            #.....       99%         1    ##.....
 Magic Dart               Conj           #...         99%         1    ##.....
 Blink                    Tloc           N/A          100%        2    ###....
 Call Imp                 Summ           #.......     100%        2    ###....
 Slow                     Hex            #.......     100%        2    ###....
 Confuse                  Hex            #.......     100%        3    ####...
 Conjure Flame            Conj/Fire      #.......     100%        3    ####...
 Gell's Gravitas          Tloc           #.........   100%        3    ####...
 Mephitic Cloud           Conj/Pois/Air  #.......     100%        3    ####...
 Leda's Liquefaction      Hex/Erth       #.........   100%        4    #####..
 Petrify                  Tmut/Erth      #.......     100%        4    #####..
 Bolt of Magma            Conj/Fire/Erth #.........   100%        5    ######.
 Metabolic Englaciation   Hex/Ice        #.........   100%        5    ######.
 Yara's Violent Unravell  Hex/Tmut       #.........   100%        5    ######.
 Iron Shot                Conj/Erth      #.........   100%        6    #######
 Shatter                  Erth           #.........   100%        9    #######
 Statue Form              Tmut/Erth      Unusable     N/A         6    N/A

Dungeon Overview and Level Annotations

Branches:
Dungeon (11/15)            Temple (1/1) D:5            Lair (0/6) D:9
    Orc (0/2) D:9

Altars:
Ashenzari
Cheibriados
Dithmenos
Elyvilon
Fedhas
Gozag
Hepliaklqana
Kikubaaqudgha
Makhleb
Nemelex Xobeh
Okawaru
Qazlal
Ru
Sif Muna
Trog
Uskayaw
Vehumet
Wu Jian
Xom
Yredelemnul
Zin
The Shining One

Shops:
D:10 %[*

Portals:
Trove: D:11 (give +3 gold dragon scales)


Innate Abilities, Weirdness & Mutations

You are resistant to torment.
Your stone body is resilient. (AC +8)
You are immune to poison.
You resist negative energy. (rN+)
You are resistant to electric shocks. (rElec)
You can survive without breathing.
You are immune to petrification.
You are immune to rotting.


Message History

The mass of ice explodes!
The iceblast engulfs the yaktaur captain!
The yaktaur captain is moderately wounded.
The iceblast engulfs the deep troll!
The deep troll is almost dead.
Evoke which item? (* to show all) (? for menu, Esc to quit)
That's the wrong kind of item! (Use * to select it.) Evoke which item? (* to show all) (? for menu, Esc to quit)
Okay, then.
Evoke which item? (* to show all) (? for menu, Esc to quit)
Aiming: Iceblast
Press: ? - help, Shift-Dir - straight line, f - yaktaur captain
Aim: a yaktaur captain, wielding a +0 arbalest (moderately wounded)
The mass of ice explodes!
The iceblast engulfs the yaktaur captain!
The yaktaur captain is severely wounded.
Cheibriados appreciates the change of pace.
You feel a bit more experienced.
The yaktaur captain shoots a bolt.
The bolt hits you!!
You die...

....# ##.... ###...###...# .
##.##........##
#.._.#$..8.....<...#
#..#....#$....#......##
##..#....#$....#.###..#
#...#.._.#$..8c......##
###...#....##.##(......#
#.....#.⌠.⌠ ##@....#### .#.
###...##'#####.......## #...
#.................#...##..#
##.........##......#.......#
..#.........##..#...##.....
...........###..#....##.#.#
....##..............)...#.#
....##..##..#.#....))...#.#
..#......#######..........###


You could see a yaktaur captain.

Vanquished Creatures
  Harold (D:7)
  A two-headed ogre (D:10)
  The ghost of P0WERM0DE the Disciple of Destruction, a novice DDFi of Makhleb (D:10)
  A deep troll (D:11)
  A manticore (D:11)
  An ugly thing (D:11)
  A cyclops (D:11)
  Maurice (D:8)
  Joseph (D:7)
  A freezing wraith (D:10)
  A jumping spider (shapeshifter) (D:11)
  2 trolls
  Grinder (D:4)
  A hornet (D:10)
  2 hippogriffs
  Sigmund (D:4)
  3 wyverns
  2 wraiths (D:10)
  A yak (D:9)
  Eustachio (D:4)
  Grum (D:9)
  A steam dragon (D:5)
  A hungry ghost (D:10)
  Edmund (D:4)
  A water moccasin (D:9)
  6 orc warriors
  3 porcupines (D:9)
  5 ice beasts
  2 black bears
  An eye of draining (D:9)
  A phantom (D:7)
  4 sky beasts
  2 ogres
  2 wolves (D:9)
  3 centaurs
  Blork the orc (D:4)
  3 crocodiles
  A big kobold (D:9)
  6 bullfrogs
  3 scorpions
  A water moccasin skeleton (D:5)
  14 killer bees
  5 wights
  4 crimson imps
  6 jellies
  A quasit (D:10)
  4 hounds
  A bullfrog zombie (D:7)
  7 orc priests
  2 bullfrog skeletons
  2 centaur skeletons
  Crazy Yiuf (D:7)
  2 iguanas
  Natasha (thrice) (D:2 D:1)
  10 orc wizards
  7 worker ants
  A hound zombie (D:9)
  15 adders
  4 gnolls (D:4)
  2 shadow imps
  2 worms
  A dart slug (D:4)
  6 leopard geckos
  52 orcs
  A ball python (D:2)
  4 bats
  5 giant cockroaches
  10 hobgoblins
  2 jackals (D:1)
  9 kobolds
  7 quokkas
  A ball python skeleton (D:3)
  2 frilled lizards (D:2)
  10 goblins
  3 leopard gecko skeletons
  10 rats
  A bush (D:2)
291 creatures vanquished.

Vanquished Creatures (others)
  An iguana (D:6)
  A gnoll (D:6)
  2 adder zombies (D:6)
  5 fungi (D:9)
9 creatures vanquished.

Grand Total: 300 creatures vanquished

Notes
Turn   | Place    | Note
-------+----------+-------------------------------------------
     0 | D:1      | McKennaii the Gargoyle Fighter began the quest for the Orb.
     0 | D:1      | Reached XP level 1. HP: 14/14 MP: 1/1
   105 | D:1      | Reached XP level 2. HP: 18/19 MP: 2/2
   655 | D:2      | Noticed Natasha
   660 | D:2      | Killed Natasha
   660 | D:2      | Reached XP level 3. HP: 10/24 MP: 3/3
   748 | D:2      | Noticed Natasha
   865 | D:2      | Killed Natasha
   865 | D:2      | Reached skill level 3 in Maces & Flails
   865 | D:2      | Reached XP level 4. HP: 4/29 MP: 4/4
   983 | D:2      | Noticed Natasha
  1164 | D:1      | Killed Natasha
  1767 | D:2      | Reached XP level 5. HP: 29/33 MP: 5/5
  2324 | D:2      | Found a deep blue altar of Sif Muna.
  2456 | D:2      | Reached skill level 1 in Dodging
  2950 | D:3      | Found a radiant altar of Vehumet.
  3010 | D:3      | Found a sacrificial altar of Ru.
  3137 | D:3      | Reached skill level 4 in Maces & Flails
  3210 | D:3      | Reached XP level 6. HP: 37/38 MP: 6/6
  3747 | D:4      | Found a hazy altar of Hepliaklqana.
  3756 | D:4      | Noticed Sigmund
  3786 | D:4      | Killed Sigmund
  3786 | D:4      | Reached XP level 7. HP: 23/44 MP: 7/7
  4020 | D:4      | Found a bloodstained altar of Trog.
  4048 | D:4      | Reached skill level 5 in Maces & Flails
  4131 | D:4      | Noticed Grinder
  4170 | D:4      | Paralysed by Grinder for 7 turns
  4181 | D:4      | Killed Grinder
  4181 | D:4      | Reached skill level 5 in Fighting
  4181 | D:4      | Reached skill level 5 in Armour
  4181 | D:4      | Reached skill level 5 in Shields
  4413 | D:4      | Noticed Edmund
  4431 | D:4      | Killed Edmund
  4431 | D:4      | Reached skill level 6 in Maces & Flails
  4431 | D:4      | Reached XP level 8. HP: 39/49 MP: 8/8
  4509 | D:4      | Noticed Blork the orc
  4523 | D:4      | Killed Blork the orc
  4720 | D:4      | Noticed Eustachio
  4763 | D:4      | Killed Eustachio
  4962 | D:5      | Entered Level 5 of the Dungeon
  4993 | D:5      | Found an ornate altar of the Wu Jian Council.
  5013 | D:5      | Found a staircase to the Ecumenical Temple.
  5042 | Temple   | Entered the Ecumenical Temple
  5318 | D:5      | Reached skill level 7 in Maces & Flails
  5571 | D:5      | Found a white marble altar of Elyvilon.
  5809 | D:5      | Reached XP level 9. HP: 55/55 MP: 9/9
  6223 | D:6      | Reached skill level 8 in Maces & Flails
  6520 | D:6      | Found a stormy altar of Qazlal.
  7053 | D:7      | Found an iron altar of Okawaru.
  7420 | D:7      | Noticed Joseph
  7438 | D:7      | Killed Joseph
  7438 | D:7      | Reached skill level 9 in Maces & Flails
  7481 | D:7      | HP: 1/56 [orc/+1 flail of holy wrath (3)]
  7858 | D:7      | Noticed Harold
  7874 | D:7      | Killed Harold
  7874 | D:7      | Reached XP level 10. HP: 61/61 MP: 10/10
  8105 | D:7      | Found a runed translucent door.
  8106 | D:7      | Noticed Crazy Yiuf
  8400 | D:7      | Killed Crazy Yiuf
  8616 | D:8      | You fall through a shaft for 3 floors!
  8620 | D:10     | Entered Level 10 of the Dungeon
  8683 | D:10     | Found Ofyidot's Food Emporium.
  8724 | D:10     | Found Weufreta's Armour Emporium.
  8735 | D:10     | Reached skill level 10 in Maces & Flails
  8740 | D:10     | Bought a +2 pair of boots of stealth for 322 gold pieces
  8856 | D:8      | Reached skill level 1 in Stealth
  8982 | D:8      | Found a bloodstained altar of Trog.
  9581 | D:9      | Found a staircase to the Orcish Mines.
  9582 | D:9      | Noticed Maurice
  9801 | D:8      | Killed Maurice
  9914 | D:9      | Found an opulent altar of Gozag.
  9923 | D:9      | Noticed Grum
  9936 | D:9      | Killed Grum
  9936 | D:9      | Reached XP level 11. HP: 56/67 MP: 11/11
 10111 | D:9      | Reached skill level 11 in Maces & Flails
 10277 | D:9      | Found a staircase to the Lair.
 10668 | D:9      | Found a snail-covered altar of Cheibriados.
 10681 | D:9      | Became a worshipper of Cheibriados the Contemplative
 10970 | D:10     | Noticed a two-headed ogre
 10987 | D:10     | Killed a two-headed ogre
 11112 | D:10     | Reached skill level 10 in Shields
 11136 | D:10     | Found Odeuc's Assorted Antiques.
 11142 | D:10     | Bought a scroll labeled WOFIWO GEARE for 23 gold pieces
 11142 | D:10     | Bought a scroll labeled CIEQUJAIHU for 23 gold pieces
 11142 | D:10     | Bought a scroll labeled GESUMESEOTT for 23 gold pieces
 11142 | D:10     | Bought a scroll labeled FEAHAG XANN for 23 gold pieces
 11142 | D:10     | Bought a smoky inky potion for 20 gold pieces
 11142 | D:10     | Bought a scroll labeled CIEQUJAIHU for 23 gold pieces
 11320 | D:10     | Found a runed translucent gate.
 11320 | D:10     | Found a runed translucent gate.
 11320 | D:10     | Found a runed translucent gate.
 11322 | D:10     | Noticed P0WERM0DE's ghost (novice DDFi)
 11928 | D:10     | Reached * piety under Cheibriados
 11965 | D:10     | Killed P0WERM0DE's ghost
 12063 | D:11     | Noticed a manticore
 12070 | D:11     | Killed a manticore
 12070 | D:11     | Reached skill level 1 in Evocations
 12191 | D:11     | Noticed a cyclops
 12203 | D:11     | Killed a cyclops
 12270 | D:11     | Noticed a red ugly thing
 12412 | D:11     | Killed a red ugly thing
 12412 | D:11     | Reached skill level 12 in Maces & Flails
 12412 | D:11     | Reached XP level 12. HP: 60/75 MP: 12/12
 12454 | D:11     | Found a portal to a secret trove of treasure.
 12570 | D:11     | Found a shimmering altar of Xom.
 12570 | D:11     | Found a glowing golden altar of the Shining One.
 12684 | D:11     | Noticed a yaktaur captain
 12697 | D:11     | Shot with a bolt by a yaktaur captain

Skill      XL: |  1  2  3  4  5  6  7  8  9 10 11 |
---------------+----------------------------------+-----
Maces & Flails | 3 4 6 7 9 10 12 | 12.1
Armour         | 4 5 6 7 8 9 |  9.6
Dodging        | 1 2 |  2.4
Shields        | 4 5 6 8 9 10 | 10.7
Fighting       | 4 5 6 7 8 |  8.8
Stealth        | 1 |  1.3
Evocations     | 1 |  1.0
Unarmed Combat | |  0.2

Action                   |  1- 3 |  4- 6 |  7- 9 | 10-12 || total
-------------------------+-------+-------+-------+-------++-------
Melee: Flail             |    95 |   378 |   530 |   587 ||  1590
       Unarmed           |       |       |       |     3 ||     3
Evoke: Wand              |       |       |    10 |     9 ||    19
  Use: Potion            |     1 |     3 |     3 |       ||     7
       Scroll            |       |       |     1 |     9 ||    10
 Stab: Invisible         |       |       |       |     1 ||     1
  Eat: Chunk             |       |    10 |    12 |    13 ||    35
       Ration            |       |       |     1 |     1 ||     2
Armor: Scale mail        |    25 |       |       |       ||    25
       Chain mail        |    27 |   208 |   200 |       ||   435
       Plate armour      |       |       |   109 |   383 ||   492
       Skin              |       |       |       |     1 ||     1
Dodge: Dodged            |    29 |    71 |   104 |   152 ||   356
Block: Shield            |    58 |   184 |   254 |   399 ||   895
